 Dungeon Crawl Stone Soup version 0.19-a0-1456-gc747e27 (webtiles) character file.

71 RonnieColeman the Conjurer (level 4, 0/24 HPs)
             Began as a Deep Elf Conjurer on Sept 6, 2016.
             Slain by Terence
             ... wielding a +0 hand axe
              (7 damage)
             ... on level 2 of the Dungeon.
             The game lasted 00:02:23 (1281 turns).

RonnieColeman the Conjurer (Deep Elf Conjurer)      Turns: 1281, Time: 00:02:23

Health: 0/24       AC:  2    Str:  5    XL:     4   Next: 5%
Magic:  5/12       EV: 13    Int: 21    God:
Gold:   119        SH:  0    Dex: 15    Spells: 1 memorised, 11 levels left

rFire  . . .     SeeInvis .     h - +4 whip
rCold  . . .     Gourm    .     a - +0 robe
rNeg   . . .     Faith    .     (no shield)
rPois  .         Spirit   .     (no helmet)
rElec  .         Dismiss  .     (no cloak)
rCorr  .         Reflect  .     (no gloves)
MR     .....     Harm     .     (no boots)
Stlth  +++.......               (no amulet)
                                (no ring)
                                i - ring of stealth

@: no status effects
A: no striking features
a: no special abilities


You were on level 2 of the Dungeon.
You were hungry.

You visited 1 branch of the dungeon, and saw 3 of its levels.

You collected 119 gold pieces.

Inventory:

Hand Weapons
 h - a +4 whip (weapon)
Armour
 a - a +0 robe (worn)
Jewellery
 i - a ring of stealth (left hand)
Wands
 u - a wand of flame (22/48)
Scrolls
 d - a scroll of identify {unknown}
 g - 2 scrolls of recharging {unknown}
 t - a scroll of blinking {unknown}
 v - a scroll of enchant weapon {unknown}
 w - a scroll of immolation {unknown}
 y - a scroll of magic mapping {unknown}
Potions
 e - a potion of ambrosia {unknown}
 j - a potion of cancellation {unknown}
 l - a potion of heal wounds {unknown}
 m - a potion of resistance {unknown}
 n - a potion of flight {unknown}
 o - a potion of brilliance {unknown}
 q - a potion of mutation {unknown}
 r - 2 potions of curing
 s - a potion of haste {unknown}
 z - 2 potions of berserk rage {unknown}
 A - a potion of lignification {unknown}
Books
 b - a book of Conjurations

   Spells                             Type                      Level
   a - Magic Dart                     Conjuration                  1
   b - Searing Ray                    Conjuration                  2
   c - Dazzling Spray                 Conjuration/Hexes            3
   d - Fulminant Prism                Conjuration/Hexes            4
   e - Iskenderun's Mystic Blast      Conjuration                  4
   f - Iskenderun's Battlesphere      Conjuration/Charms           5
 x - a book of Power

   Spells                             Type                      Level
   a - Fulminant Prism                Conjuration/Hexes            4
   b - Iskenderun's Mystic Blast      Conjuration                  4
   c - Venom Bolt                     Conjuration/Poison           5
   d - Bolt of Magma                  Conjuration/Fire/Earth       5
   e - Iron Shot                      Conjuration/Earth            6
   f - Orb of Destruction             Conjuration                  7
   g - Spellforged Servitor           Conjuration/Summoning        7
Comestibles
 c - a bread ration
 f - a beef jerky
 k - 2 meat rations
 p - 2 fruits


   Skills:
 - Level 2.4 Dodging
 - Level 2.4 Stealth
 + Level 4.6 Spellcasting
 * Level 5.3 Conjurations


You had 11 spell levels left.
You knew the following spells:

 Your Spells              Type           Power        Failure   Level  Hunger
a - Magic Dart            Conj           ####         1%          1    None


Dungeon Overview and Level Annotations

Branches:
Dungeon (3/15)

Altars:
Cheibriados
Makhleb
Zin

Annotations:
D:2 Terence


Message History

The magic dart hits Terence.
Terence is heavily wounded.
Casting: Magic Dart
Confirm with . or Enter, or press ? or * to list all spells.
Aiming: Magic Dart
Press: ? - help, Shift-Dir - straight line, f/p - Terence
Aim: Terence, wielding a hand axe and wearing a scale mail (heavily wounded)
The magic dart hits Terence.
Terence is heavily wounded.
Terence hits you with a hand axe.
* * * LOW HITPOINT WARNING * * *
Casting: Magic Dart
Confirm with . or Enter, or press ? or * to list all spells.
Aiming: Magic Dart
Press: ? - help, Shift-Dir - straight line, f/p - Terence
Aim: Terence, wielding a hand axe and wearing a scale mail (heavily wounded)
The magic dart hits Terence.
Terence is heavily wounded.
Terence hits you with a hand axe!
You die...

##.############........#
#.#............#.#.#..#
#.#.#####.###.........#
###.#.#####.###..####.#.#
....#.##.........####...##
#####.##.#..#.#..#.......#
#####.##.#..#.#..#.##.##.#
......................##.#
.#.#..####.#####@#######.#
.)....# #.#####@# #.##
.#.#[## #...<...# #..#
......# ######### ##.#
.#.#..### #.....# ####.#
........####.....# #....#
.#.#.#...........# #.####
.....#>#####.....# #.#
..####.# #.....# #.#


You could see Terence.

Vanquished Creatures
  Jessica (D:2)
  2 adders (D:2)
  A worm (D:2)
  A ball python (D:2)
  2 giant cockroaches
  3 goblins
  3 hobgoblins
  7 bats
  2 kobolds
  4 rats (D:2)
26 creatures vanquished.

Notes
Turn   | Place    | Note
-------+----------+-------------------------------------------
     0 | D:1      | RonnieColeman the Deep Elf Conjurer began the quest for the Orb.
     0 | D:1      | Reached XP level 1. HP: 10/10 MP: 6/6
   418 | D:1      | Reached XP level 2. HP: 15/15 MP: 6/8
   591 | D:2      | Found a snail-covered altar of Cheibriados.
   617 | D:2      | Noticed Jessica
   620 | D:2      | Killed Jessica
   620 | D:2      | Reached skill level 5 in Conjurations
   620 | D:2      | Reached XP level 3. HP: 19/19 MP: 5/10
  1040 | D:2      | Reached XP level 4. HP: 24/24 MP: 10/12
  1099 | D:2      | Found a glowing silver altar of Zin.
  1118 | D:2      | Found a burning altar of Makhleb.
  1118 | D:2      | Noticed an Executioner
  1188 | D:3      | Noticed Terence
  1281 | D:2      | Slain by Terence

Vault maps used:
D:1:      minmay_arrival_up_and_down
D:2:      old_standard_altar, zin_statuary, serial_glass, glass_columns_a,
          glass_columns_a, glass_columns_c, glass_columns_a, glass_columns_b,
          glass_columns_c, glass_columns_a, glass_columns_c, glass_columns_b,
          glass_columns_b, kennysheep_decorative_pillar,
          makhleb_altar_promises_db, uniq_jessica
D:3:      cheibrodos_ashenzari_chains, uniq_terence, uniq_crazy_yiuf_cottage,
          uniq_grinder

Skill      XL: |  1  2 |
---------------+-------+-----
Spellcasting   | 4 |  4.6
Conjurations   | 5 |  5.3
Dodging        | |  2.4
Stealth        | |  2.4

Action                   |  1- 3 |  4- 6 || total
-------------------------+-------+-------++-------
Melee: Whip              |    16 |     7 ||    23
       Unarmed           |     1 |       ||     1
 Cast: Magic Dart        |    38 |    21 ||    59
 Stab: Sleeping          |     3 |     1 ||     4
       Distracted        |     1 |       ||     1
Armor: Robe              |       |     2 ||     2
Dodge: Dodged            |     9 |     7 ||    16
